 Dungeon Crawl Stone Soup version 0.29.1-12-g30fa7ad0bf (webtiles) character file.

Game seed: 17635878614777830484

282 Radix the Digger (level 6, -3/32 HPs)
             Began as a Gargoyle Earth Elementalist on Dec 29, 2022.
             Was an Initiate of Vehumet.
             Slain by KittyFluff's ghost (11 damage)
             ... on level 3 of the Dungeon on Dec 30, 2022.
             The game lasted 00:21:33 (3359 turns).

Radix the Digger (Gargoyle Earth Elementalist)      Turns: 3359, Time: 00:21:34

Health: -3/32      AC:  7    Str: 11    XL:     6   Next: 28%
Magic:  6/12       EV: 11    Int: 18    God:    Vehumet [......]
Gold:   165        SH:  0    Dex: 10    Spells: 12/13 levels left

rFire   . . .      SeeInvis .   m - +2 morningstar
rCold   . . .      Faith    .   (no shield)
rNeg    + . .      Spirit   .   a - +1 robe
rPois   ∞          Reflect  .   (no helmet)
rElec   +          Harm     .   r - scarf {shadows}
rCorr   .          Rampage  .   (no gloves)
Will    .....                   (no boots)
Stlth   ++........              (no amulet)
HPRegen 0.10/turn               (no ring)
MPRegen 0.13/turn               (no ring)

@: about to teleport
A: sickness immunity, AC +4, negative energy resistance 1, electricity
resistance, torment resistance 1, petrification resistance
a: Renounce Religion


You were on level 3 of the Dungeon.
You worshipped Vehumet.
Vehumet was noncommittal.
You visited 1 branch of the dungeon, and saw 3 of its levels.

You collected 165 gold pieces.

Inventory:

Hand Weapons
 d - a +0 short sword
 m - a +2 morningstar (weapon)
Armour
 a - a +1 robe (worn)
 r - a scarf of shadows (worn)
Magical Staves
 q - a staff of air
Wands
 j - a wand of iceblast (3)
Scrolls
 c - a scroll of vulnerability
 k - a scroll of blinking {unknown}
 s - a scroll of magic mapping {unknown}
 u - a scroll of identify
 v - a scroll of amnesia {unknown}
Potions
 b - a potion of magic
 f - 2 potions of attraction
 g - a potion of haste
 h - 2 potions of curing
 i - 2 potions of berserk rage
 l - a potion of might
 n - a potion of ambrosia {unknown}
 o - a potion of brilliance {unknown}
 p - a potion of flight {unknown}
 t - a potion of cancellation {unknown}


   Skills:
 - Level 1.5 Dodging
 - Level 2.1 Stealth
 + Level 4.3 Spellcasting
 - Level 0.7 Transmutations
 + Level 6.3 Earth Magic


You had 12 spell levels left.
You knew the following spells:

 Your Spells              Type           Power      Damage    Failure   Level
a - Sandblast             Erth           52%        2d12      1%          1

Your spell library contained the following spells:

 Spells                   Type           Power      Damage    Failure   Level
 Passwall                 Tmut/Erth      13%        N/A       4%          2
 Stone Arrow              Conj/Erth      30%        3d8       12%         3
 Petrify                  Tmut/Erth      16%        N/A       32%         4


Dungeon Overview and Level Annotations

Branches:
Dungeon (3/15)

Altars:
Okawaru
Vehumet

Annotations:
D:3 1 runed translucent door, KittyFluff's ghost, amateur GrFi


Innate Abilities, Weirdness & Mutations

You are immune to sickness and miasma.
Your stone body is resilient. (AC +4)
You are immune to poison.
You resist negative energy. (rN+)
You are resistant to electric shocks. (rElec)
You are resistant to unholy torment.
You are immune to petrification.


Message History

The giant cockroach bites you.
KittyFluff's ghost hits you but does no damage.
The giant cockroach barely misses you. KittyFluff's ghost hits you.
Aiming: Sandblast (safe; 1% risk of failure)
Press: ? - help, Q - select action, (/) - cycle Shift-Dir - straight line, f/p - KittyFluff's ghost
Aim: KittyFluff's ghost (lightly damaged, 83% to hit)
The blast of sand hits KittyFluff's ghost but does no damage.
KittyFluff's ghost is lightly damaged.
The giant cockroach bites you but does no damage.
KittyFluff's ghost misses you. The giant cockroach bites you.
Aiming: Sandblast (safe; 1% risk of failure)
Press: ? - help, Q - select action, (/) - cycle Shift-Dir - straight line, f/p - KittyFluff's ghost
Aim: KittyFluff's ghost (lightly damaged, 83% to hit)
The blast of sand hits KittyFluff's ghost.
KittyFluff's ghost is lightly damaged.
KittyFluff's ghost closely misses you. The giant cockroach closely misses you.
KittyFluff's ghost hits you. The giant cockroach closely misses you.
Aiming: Sandblast (safe; 1% risk of failure)
Press: ? - help, Q - select action, (/) - cycle Shift-Dir - straight line, f/p - KittyFluff's ghost
Aim: KittyFluff's ghost (lightly damaged, 83% to hit)
The blast of sand hits KittyFluff's ghost but does no damage.
KittyFluff's ghost is lightly damaged.
The giant cockroach bites you but does no damage.
KittyFluff's ghost hits you.
The giant cockroach bites you but does no damage.
Aiming: Sandblast (safe; 1% risk of failure)
Press: ? - help, Q - select action, (/) - cycle Shift-Dir - straight line, f/p - KittyFluff's ghost
Aim: KittyFluff's ghost (lightly damaged, 83% to hit)
The blast of sand hits KittyFluff's ghost.
KittyFluff's ghost is moderately damaged.
KittyFluff's ghost hits you.
* * * LOW HITPOINT WARNING * * *
The giant cockroach barely misses you.
KittyFluff's ghost hits you but does no damage.
Okay, then.
As you read the scroll of teleportation, it crumbles to dust.
You feel strangely unstable.
The giant cockroach bites you but does no damage.
KittyFluff's ghost hits you!
You die...

.#....##### #~~~#.....####.##
#.##......###~?~#.....## #.#
.⌠.##.###..##~~~#.###..# #.#
#.####......#~~~#.# #..# #.# ###
##.#.#..##..#~~~#.###..###.####..
###.⌠.#.###.#~~~#.......#.......#
.###.#..######'#####.....>.######
#.#.#..###.....W........).....##
.⌠.###.#...###wB@.........###..##
#.#.#..[<### ###...##........#..#
##.#.#..## #..####............
###.⌠.#.# #.## ####....###..
.###.#..# #.# #..#....###
#.####.## #.# ###..........
.8.##..## ##.# #..........#.
#.##.#..# #..# #....~~~~....
.#..###.### #.## #...8~~~~....


You could see a worm, KittyFluff's ghost and a giant cockroach.

Vanquished Creatures
  Natasha (thrice) (D:2)
  Jessica (D:2)
  Terence (D:2)
  9 adders
  2 worms
  A dart slug (D:1)
  An orc (D:3)
  7 bats
  3 endoplasms
  4 giant cockroaches
  3 goblins
  8 hobgoblins
  3 jackals (D:2)
  A quokka (D:2)
  5 ball pythons
  2 frilled lizards
  7 kobolds
  3 rats
64 creatures vanquished.

Notes
Turn   | Place    | Note
-------+----------+-------------------------------------------
     0 | D:1      | Radix the Gargoyle Earth Elementalist began the quest for
                  | the Orb.
     0 | D:1      | Reached XP level 1. HP: 10/10 MP: 3/3
   291 | D:1      | Reached XP level 2. HP: 15/15 MP: 1/5
   336 | D:1      | Reached skill level 4 in Earth Magic
   493 | D:1      | Found a faded altar of an unknown god.
   918 | D:1      | Reached XP level 3. HP: 19/19 MP: 3/6
  1291 | D:2      | Noticed Natasha
  1304 | D:2      | Killed Natasha
  1305 | D:2      | Reached XP level 4. HP: 14/24 MP: 2/8
  1523 | D:2      | Noticed Jessica
  1526 | D:2      | Killed Jessica
  1527 | D:2      | Reached skill level 5 in Earth Magic
  1582 | D:2      | Noticed Natasha
  1587 | D:2      | Killed Natasha
  1588 | D:2      | Reached XP level 5. HP: 16/28 MP: 2/10
  1710 | D:2      | Noticed Natasha
  1717 | D:2      | Killed Natasha
  2157 | D:2      | Noticed Terence
  2164 | D:2      | Killed Terence
  2165 | D:2      | Reached skill level 6 in Earth Magic
  2165 | D:2      | Reached XP level 6. HP: 22/32 MP: 6/12
  2513 | D:3      | Found a runed translucent door.
  2730 | D:3      | Found a radiant altar of Vehumet.
  2730 | D:3      | Found an iron altar of Okawaru.
  2733 | D:3      | Became a worshipper of Vehumet
  3022 | D:3      | Found a runed translucent door.
  3030 | D:3      | Noticed KittyFluff's ghost (amateur GrFi)
  3359 | D:3      | Slain by KittyFluff's ghost

Illustrated notes

Levels and vault maps discovered:
D:1:      zaba_arrival_water, layout_loops_corners,
          shapermc_ecumenical_altar_totnotflames
D:2:      minmay_general_purpose_star, layout_basic,
          minmay_misc_feat_nine_boxes, uniq_terence, uniq_jessica, uniq_natasha
D:3:      layout_rooms, gammafunk_temple_overflow_elements,
          ebering_ghost_sewer_f, grunt_decor_mini_mirrors, serial_park_tiny_pond

Skill      XL: |  1  2  3  4  5 |
---------------+----------------+-----
Earth Magic    | 4 5 6 |  6.3
Spellcasting   | 3 4 |  4.3
Dodging        | |  1.5
Stealth        | |  2.1
Transmutations | |  0.7

Action                   |  1- 3 |  4- 6 || total
-------------------------+-------+-------++-------
Melee: Morningstar       |       |     5 ||     5
 Cast: Sandblast         |    39 |    72 ||   111
  Use: Scroll            |       |    11 ||    11
Armor: Robe              |     4 |    24 ||    28
Dodge: Dodged            |     9 |    22 ||    31
